 Dungeon Crawl Stone Soup version 0.30-a0-1123-gabc949cf19 (webtiles) character file.

Game seed: 4064216094039341040

2940 BlueFish the Covert (level 9, 0/57 (59) HPs)
             Began as an Octopode Artificer on Apr 22, 2023.
             Was an Initiate of Cheibriados.
             Slain by a wight
             ... wielding a +1 falchion
              (6 damage)
             ... on level 7 of the Dungeon.
             The game lasted 00:14:26 (6971 turns).

BlueFish the Covert (Octopode Artificer)            Turns: 6971, Time: 00:14:27

HP:   0/57 (59)     AC:  2    Str: 16    XL:     9   Next: 80%
MP:   13/14         EV: 23    Int: 14    God:    Cheibriados [......]
Gold: 187           SH:  0    Dex: 19    Spells: 12/15 levels left

rFire   . . .        a - melded +9 sling of Eshrawk {speed, Fragile rC+ SInv}
rCold   + . .        (shield currently unavailable)
rNeg    . . .        (helmet currently unavailable)
rPois   .            (no amulet)
rElec   .            i - ring of poison resistance
rCorr   .            E - ring of protection from cold
SInv    .            (no ring)
Will    .....        (no ring)
Stlth   ++++         (no ring)
HPRegen 0.29/turn    (no ring)
MPRegen 0.14/turn    (no ring)
                     (no ring)

%: no passive effects
@: spider-form, lightly drained, very slow
A: venomous fangs, almost no armour, (amphibious), 8 rings, tiny, (camouflage
1), (gelatinous body 1), (nimble swimmer 1), (tentacles)
a: End Transformation, Renounce Religion


You were on level 7 of the Dungeon.
You worshipped Cheibriados.
Cheibriados was noncommittal.
You were a venomous arachnid creature.
You visited 2 branches of the dungeon, and saw 8 of its levels.

You collected 356 gold pieces.
You spent 169 gold pieces at shops.

Inventory:

Hand Weapons
 a - the +9 sling of Eshrawk (melded) {speed, Fragile rC+ SInv}
   (You bought it in a shop on level 5 of the Dungeon)

   rC:        It protects you from cold.
   SInv:      It lets you see invisible.
   Fragile:   It will be destroyed if unequipped.
   Cheibriados disapproves of the use of such an item.
 d - a +0 sling
 u - a +0 club of flaming
Missiles
 e - 5 poisoned darts
 f - 6 boomerangs
 l - 111 stones
Magical Staves
 D - a staff of poison
Jewellery
 i - a ring of poison resistance (left front pincers)
 E - a ring of protection from cold (right front pincers)
 F - a ring of protection from fire
Wands
 b - a wand of iceblast (5)
 c - a wand of charming (15)
 h - a wand of flame (12) (quivered)
 n - a wand of roots (9)
 z - a wand of paralysis (14)
Scrolls
 g - a scroll of identify
 j - 2 scrolls of magic mapping {unknown}
 k - a scroll of enchant armour
 p - 2 scrolls of teleportation
 r - a scroll of immolation
 t - a scroll of brand weapon
 w - 4 scrolls of blinking
 y - a scroll of vulnerability {unknown}
 A - a scroll of poison
 B - a scroll of fear
 C - a scroll of enchant weapon {unknown}
 G - a scroll of noise {unknown}
Potions
 m - a potion of haste
 o - a potion of curing
 q - 2 potions of might
 s - 4 potions of attraction
 v - a potion of flight
 x - a potion of magic
 H - a potion of invisibility {unknown}


   Skills:
 + Level 4.4 Fighting
 - Level 1.2(2.7) Maces & Flails
 + Level 3.8(4.0) Staves
 + Level 3.8 Ranged Weapons
 + Level 4.5 Throwing
 + Level 5.3 Dodging
 * Level 9.2 Stealth
 + Level 3.8 Spellcasting
 + Level 5.8 Transmutations
 * Level 7.0 Poison Magic
 + Level 0.1 Invocations
 + Level 6.0 Evocations


You had 12 spell levels left.
You knew the following spells:

 Your Spells              Type           Power      Damage    Failure   Level
a - Spider Form           Tmut/Pois      20%        N/A       13%         3

Your spell library contained the following spells:

 Spells                   Type           Power      Damage    Failure   Level
 Ensorcelled Hibernation  Hex/Ice        4%         N/A       52%         2
 Anguish                  Hex/Necr       1%         N/A       97%         4


Dungeon Overview and Level Annotations

Branches:
Dungeon (7/15)             Temple (1/1) D:5

Altars:
Ashenzari
Cheibriados
Dithmenos
Elyvilon
Fedhas
Gozag
Hepliaklqana
Kikubaaqudgha
Nemelex Xobeh
Okawaru
Qazlal
Ru
Sif Muna
Trog
Uskayaw
Vehumet
Wu Jian
Xom
Yredelemnul
Zin
The Shining One

Shops:
D:5 (   D:7 [


Innate Abilities, Weirdness & Mutations

You are a venomous arachnid creature.
You have venomous fangs.
You are tiny and dextrous.
Your spellcasting is less reliable in this form.
Your armour is entirely melded.
You are incapable of wielding weapons or throwing items.
You cannot wear most types of armour.
((You are amphibious.))
You can wear up to eight rings at the same time.
((Your skin changes colour to match your surroundings (Stealth+).))
((Your rubbery body absorbs attacks. (AC +1, EV +1)))
((You are camouflaged when in or above water. (Stealth+)))
((You have tentacles for arms and can constrict up to eight enemies at once.))


Message History

You hit the water moccasin.
The water moccasin is almost dead.
You feel sick.
The water moccasin completely misses you.
You hit the water moccasin.
The water moccasin is almost dead.
You feel sick.
You kill the water moccasin!
Cheibriados appreciates the change of pace.
You hit the wight but do no damage.
You feel sick. The wight closely misses you.
You hit the wight but do no damage.
You feel sick. The wight completely misses you.
You hit the wight but do no damage. The wight misses you.
You hit the wight.
The wight is lightly damaged.
You feel sick. The wight closely misses you.
You hit the wight but do no damage.
The wight is lightly damaged.
You feel sick. The wight closely misses you.
You hit the wight but do no damage.
The wight is lightly damaged.
The wight misses you.
You hit the wight.
The wight is lightly damaged.
You feel sick.
You are no longer poisoned.
The wight completely misses you.
You barely miss the wight.
The wight is lightly damaged.
The wight completely misses you.
You barely miss the wight.
The wight is lightly damaged.
The wight completely misses you.
You hit the wight but do no damage.
The wight is lightly damaged.
The wight hits you with a +1 falchion!
* * * LOW HITPOINT WARNING * * *
You feel drained.
You die...

######### # #.......###
..############.......#..
......zs.............#.#
#################.#.....
##.#..### ##....##
#.....#
#########.##..####
..................
####....###......#
##....# ##......


You could see a wight.

Vanquished Creatures
  A water moccasin (D:7)
  4 black bears
  An ice beast (D:4)
  A sky beast (D:7)
  2 ogres
  A phantom (D:5)
  3 scorpions
  A howler monkey (D:6)
  A hound (D:5)
  4 orc priests
  2 jellies (D:7)
  Natasha (thrice) (D:2)
  3 iguanas
  7 orc wizards
  4 gnolls (D:5)
  9 adders
  2 ufetubi (D:5)
  A worm (D:3)
  2 dart slugs
  9 orcs
  5 ball pythons
  6 endoplasms
  5 giant cockroaches
  7 goblins
  7 hobgoblins
  4 jackals
  4 quokkas
  7 bats
  2 frilled lizards
  5 kobolds
  7 rats
120 creatures vanquished.

Notes
Turn   | Place    | Note
-------+----------+-------------------------------------------
     0 | D:1      | BlueFish the Octopode Artificer began the quest for the
                  | Orb.
     0 | D:1      | Reached XP level 1. HP: 13/13 MP: 1/1
    31 | D:1      | Found a faded altar of an unknown god.
   188 | D:1      | Reached skill level 2 in Stealth
   208 | D:1      | Reached XP level 2. HP: 18/18 MP: 2/2
   775 | D:2      | Noticed Natasha
   780 | D:2      | Killed Natasha
   781 | D:2      | Reached XP level 3. HP: 17/23 MP: 3/3
   882 | D:2      | Noticed Natasha
   890 | D:2      | Killed Natasha
   891 | D:2      | Reached skill level 1 in Maces & Flails
   891 | D:2      | Reached skill level 1 in Throwing
   891 | D:2      | Reached skill level 3 in Stealth
   891 | D:2      | Reached XP level 4. HP: 16/28 MP: 5/5
   895 | D:2      | Learned a level 3 spell: Spider Form
  1125 | D:2      | Noticed Natasha
  1134 | D:2      | Killed Natasha
  1266 | D:2      | Reached skill level 1 in Spellcasting
  1606 | D:2      | Reached XP level 5. HP: 34/34 MP: 6/6
  1938 | D:3      | Found a stormy altar of Qazlal.
  2801 | D:4      | Reached skill level 1 in Transmutations
  2801 | D:4      | Reached skill level 1 in Poison Magic
  3146 | D:4      | Reached XP level 6. HP: 39/39 MP: 8/8
  3149 | D:4      | Found an ornate altar of the Wu Jian Council.
  3192 | D:4      | Reached skill level 4 in Stealth
  3197 | D:4      | Noticed an ice beast
  3204 | D:4      | Found a faded altar of an unknown god.
  3204 | D:4      | Found a basalt altar of Yredelemnul.
  3226 | D:4      | Found an ancient bone altar of Kikubaaqudgha.
  3228 | D:4      | Found a faded altar of an unknown god.
  3230 | D:4      | Found an iron altar of Okawaru.
  3486 | D:4      | Found a broken altar of Ashenzari.
  3786 | D:4      | Noticed a black bear
  3795 | D:4      | Killed a black bear
  3796 | D:4      | Reached skill level 1 in Staves
  3832 | D:4      | Killed an ice beast
  3833 | D:4      | Reached XP level 7. HP: 45/45 MP: 9/9
  3874 | D:5      | Entered Level 5 of the Dungeon
  4149 | D:5      | Reached skill level 5 in Stealth
  4493 | D:5      | Reached XP level 8. HP: 47/51 MP: 11/11
  4749 | D:5      | Found a staircase to the Ecumenical Temple.
  4771 | Temple   | Entered the Ecumenical Temple
  5065 | D:5      | Found Dud Mura's Antique Weapon Boutique.
  5068 | D:5      | Bought a shimmering sling for 169 gold pieces
  5068 | D:5      | Identified the +9 sling of Eshrawk {speed, Fragile rC+
                  | SInv} (You bought it in a shop on level 5 of the Dungeon)
  5837 | D:6      | Reached skill level 5 in Dodging
  5837 | D:6      | Reached skill level 9 in Stealth
  5837 | D:6      | Reached skill level 5 in Transmutations
  5837 | D:6      | Reached skill level 5 in Evocations
  5837 | D:6      | Reached XP level 9. HP: 41/58 MP: 11/14
  5916 | D:6      | Found a shadowy altar of Dithmenos.
  6089 | D:6      | Found a blossoming altar of Fedhas.
  6845 | D:7      | Found Gimeidob's Armour Emporium.
  6865 | D:7      | Found a snail-covered altar of Cheibriados.
  6867 | D:7      | Found a shimmering blue altar of Sif Muna.
  6872 | D:7      | Found a sparkling altar of Nemelex Xobeh.
  6876 | D:7      | Became a worshipper of Cheibriados the Contemplative
  6900 | D:7      | Found a bloodstained altar of Trog.
  6971 | D:7      | Slain by a wight

Illustrated notes

Levels and vault maps discovered:
D:1:      giann_horns, layout_loops_ring, ebering_ecumenical_altar_webs
D:2:      layout_basic, minmay_misc_feat_tower, uniq_natasha
D:3:      layout_basic, nicolae_overflow_crystal_walls
D:4:      layout_basic, cheibrodos_ashenzari_chains,
          chequers_temple_overflow_minitemple, lemuel_tele_altar
D:5:      layout_basic, minmay_temple_entry_waves, serial_shops, shop,
          minmay_misc_feat_more_columns, minmay_liquid_box
D:6:      layout_basic, mainiacjoe_overflow_alcove_2, lemuel_crystal_altar,
          minivault_5, minmay_misc_feat_cross
D:7:      layout_rooms, nicolae_overflow_quartered_altars, serial_shops, shop,
          nicolae_grassy_gnolls
Temple:   hellmonk_temple_forest_ring

Skill      XL: |  1  2  3  4  5  6  7  8  9 |
---------------+----------------------------+-----
Stealth        | 2 3 4 5 9 |  9.2
Maces & Flails | 1 |  1.2
Throwing       | 1 2 4 |  4.5
Spellcasting   | 1 2 3 |  3.8
Transmutations | 1 2 5 |  5.8
Poison Magic   | 1 2 3 6 7 |  7.0
Evocations     | 4 5 6 |  6.0
Dodging        | 3 5 |  5.3
Fighting       | 2 4 |  4.4
Staves         | 1 3 |  3.8
Ranged Weapons | 3 |  3.8
Invocations    | |  0.1

Action                     |  1- 3 |  4- 6 |  7- 9 || total
---------------------------+-------+-------+-------++-------
  Melee: Club              |    28 |    29 |       ||    57
         Tentacles         |     6 |    14 |    21 ||    41
         Constrict         |     9 |    23 |    17 ||    49
         Staff             |       |    47 |    67 ||   114
         Punch             |       |     1 |       ||     1
         Unarmed           |       |       |    58 ||    58
   Fire: Sling             |    21 |    97 |    86 ||   204
  Throw: Dart              |       |     8 |     9 ||    17
   Cast: Spider Form       |       |       |     8 ||     8
  Evoke: Wand              |       |     5 |       ||     5
    Use: Scroll            |     1 |     8 |     6 ||    15
         Potion            |       |       |     2 ||     2
   Stab: Sleeping          |     2 |     1 |       ||     3
         Distracted        |       |       |     1 ||     1
 Armour: Skin              |     5 |     8 |     4 ||    17
  Dodge: Dodged            |    20 |    47 |   106 ||   173

Table legend: (Time is in decaauts)
 A = Elapsed time spent in this place.
 B = Non-inter-level travel time spent in this place.
 C = Inter-level travel time spent in this place.
 D = Time resting spent in this place.
 E = Time spent auto-exploring this place.
 F = Levels seen in this place.
 G = Mean time per level.
                   A        B        C        D        E       F      G
               +--------+--------+--------+--------+--------+-----+--------+
         Total |   7021 |   6740 |    281 |     24 |   5657 |   8 |  877.6 |
       Dungeon |   6883 |   6609 |    274 |     24 |   5535 |   7 |  983.3 |
        Temple |    137 |    130 |      7 |      0 |    122 |   1 |  137.0 |
               +--------+--------+--------+--------+--------+-----+--------+

Top non-repeatable levels by time:
     D:6: 1394 daAuts
     D:4: 1180 daAuts
     D:5: 1080 daAuts
     D:3: 1056 daAuts
     D:2: 994 daAuts
     D:1: 760 daAuts
     D:7: 418 daAuts
  Temple: 137 daAuts
